Selects Airborne Battlegroup
Selects Heavy Machine Gun Paradrop
Construct Weapon Support Center
Heavy Machine Gun Paradrop
Heavy Machine Gun Paradrop
Selects Paratrooper Squad Paradrop
Paratrooper Squad Paradrop
Paratrooper Squad Paradrop
M3 Armored Personnel Carrier
Paratrooper Squad Paradrop
Selects Anti-tank Gun Team Paradrop
Selects Smoke Bombing Run
Anti-tank Gun Team Paradrop
Improved M9 Bazooka Rockets
Selects Carpet Bombing Run